 Dungeon Crawl Stone Soup version 0.29-a0-322-g68df515428 (webtiles) character file.

Game seed: 11896330790134655022

1841 SkeletonJelly the Carver (level 8, -12/74 HPs)
             Began as a Red Draconian Monk on Apr 9, 2022.
             Was a High Priest of Zin.
             Killed by an exploding ufetubus (16 damage)
             ... ignited by their inner flame
             ... on level 6 of the Dungeon.
             The game lasted 00:14:24 (7044 turns).

SkeletonJelly the Carver (Red Draconian Monk)       Turns: 7044, Time: 00:14:25

Health: -12/74     AC:  9    Str: 15    XL:     8   Next: 87%
Magic:  8/8        EV: 12    Int: 11    God:    Zin [*****.]
Gold:   284        SH:  0    Dex: 14    Spells: 7/7 levels left

rFire   + . .      SeeInvis .   y - +1 falchion (holy)
rCold   . . .      Faith    .   (no shield)
rNeg    . . .      Spirit   .   (body armour unavailable)
rPois   .          Reflect  .   (helmet restricted)
rElec   .          Harm     .   g - +0 cloak
rCorr   .          Rampage  .   x - +0 pair of gloves
Will    .....                   c - +0 pair of boots
Stlth   ++........              (no amulet)
HPRegen 0.22/turn               (no ring)
MPRegen 0.11/turn               (no ring)

@: no status effects
A: breathe fire, AC +6, unfitting armour, fire resistance 1, cold-blooded
a: Breathe Fire, Renounce Religion, Recite, Vitalisation, Imprison, Sanctuary,
Donate Gold


You were on level 6 of the Dungeon.
You worshipped Zin.
Zin was extremely pleased with you.
You visited 1 branch of the dungeon, and saw 6 of its levels.

You collected 315 gold pieces.
You donated 31 gold pieces to Zin.

Inventory:

Hand Weapons
 a - a +0 falchion
 d - a +2 whip of distortion
 y - a +1 falchion of holy wrath (weapon)
 G - a +0 long sword
Missiles
 s - 20 poisoned darts (quivered)
 v - 5 atropa-tipped darts
Armour
 c - a +0 pair of boots (worn)
 g - a +0 cloak (worn)
 x - a +0 pair of gloves (worn)
 A - a scarf of invisibility
Wands
 C - a wand of flame (27)
 D - a wand of paralysis (6)
Scrolls
 e - a scroll of brand weapon {unknown}
 h - 2 scrolls of immolation
 k - 3 scrolls of teleportation {unknown}
 l - 5 scrolls of identify {unknown}
 m - 2 scrolls of fog {unknown}
 p - a scroll of magic mapping {unknown}
 q - 2 scrolls of vulnerability {unknown}
 r - a scroll of blinking {unknown}
 w - a scroll of noise {unknown}
 B - a scroll of enchant weapon {unknown}
Potions
 b - 2 potions of ambrosia
 f - 3 potions of lignification {unknown}
 i - a potion of brilliance {unknown}
 j - a potion of attraction {unknown}
 n - 2 potions of flight {unknown}
 o - a potion of haste {unknown}
 t - a potion of mutation {unknown}
 u - a potion of might {unknown}
 z - 4 potions of curing {unknown}
 E - a potion of degeneration {unknown}
 F - a potion of cancellation {unknown}
 H - a potion of heal wounds {unknown}


   Skills:
 + Level 8.0 Fighting
 * Level 9.9 Long Blades
 - Level 2.6 Dodging
 - Level 1.7 Stealth


You had 7 spell levels left.
You didn't know any spells.
Your spell library contained the following spells:

 Spells                   Type           Power      Damage    Failure   Level
 Gell's Gravitas          Tloc           0%         N/A       71%         3
 Lesser Beckoning         Tloc           0%         N/A       71%         3
 Teleport Other           Tloc           0%         N/A       71%         3
 Summon Forest            Summ/Tloc      0%         N/A       100%        5
 Summon Mana Viper        Hex/Summ       0%         N/A       100%        5
 Summon Cactus Giant      Summ           0%         N/A       100%        6


Dungeon Overview and Level Annotations

Branches:
Dungeon (6/15)
 Temple: D:4-7

Altars:
Ashenzari
Fedhas
Gozag
Makhleb
Nemelex Xobeh
Vehumet
Wu Jian
Zin
The Shining One


Innate Abilities, Weirdness & Mutations

You can breathe blasts of fire.
Your fiery red scales are hard. (AC +6)
You cannot fit into any form of body armour.
Your flesh is heat resistant. (rF+)
You are cold-blooded and may be slowed by cold attacks.


Message History

You see here a scroll labelled BAG DIALUIZUM.
You take 5 damage, and have 39/74 hp.
The kobold attacks as you move away! The kobold misses you.
The ufetubus attacks as you move away!
The ufetubus hits you but does no damage.
The ufetubus barely misses you.
You feel very sick.
The ufetubus hits you but does no damage.
The ufetubus hits you.
You take 4 damage, and have 35/74 hp.
The kobold attacks as you move away! The kobold closely misses you.
The ufetubus attacks as you move away!
The ufetubus hits you but does no damage.
The ufetubus barely misses you. The kobold attacks as you move away!
The kobold hits you but does no damage.
You feel very sick.
The ufetubus hits you but does no damage.
The ufetubus closely misses you. The kobold closely misses you.
The kobold hits you with a +0 whip.
You take 3 damage, and have 32/74 hp.
The kobold attacks as you move away! The kobold hits you but does no damage.
You are more poisoned.
The kobold attacks as you move away! The kobold hits you but does no damage.
You feel very sick. The ufetubus hits you. The ufetubus closely misses you.
You take 7 damage, and have 25/74 hp.
The kobold attacks as you move away! The kobold hits you with a +0 whip.
You feel very sick. The ufetubus barely misses you.
The ufetubus hits you but does no damage.
The kobold barely misses you.
You take 5 damage, and have 20/74 hp.
You feel yourself speed up.
You feel very sick.
The ufetubus hits you but does no damage. x2
The hound pauses to sniff the ground.
The ufetubus hits you but does no damage. x2
You take 2 damage, and have 18/74 hp.
Okay, then.
You feel sick. The kobold hits you but does no damage.
You take 1 damage, and have 17/74 hp.
The kobold attacks as you move away! The kobold hits you but does no damage.
You feel sick.
The ufetubus hits you but does no damage.
The ufetubus hits you.
* * * LOW HITPOINT WARNING * * *
You take 3 damage, and have 14/74 hp.
The kobold attacks as you move away! The kobold hits you but does no damage.
You feel sick.
You take 1 damage, and have 13/74 hp.
You feel sick. The ufetubus barely misses you.
The ufetubus hits you but does no damage.
You take 1 damage, and have 12/74 hp.
You feel sick.
You feel sick.
You are no longer poisoned.
You take 1 damage, and have 11/74 hp.
The kobold attacks as you move away! The kobold hits you with a +0 whip.
* * * LOW HITPOINT WARNING * * *
The ufetubus attacks as you move away! The ufetubus misses you.
The ufetubus hits you but does no damage. x3
You take 5 damage, and have 6/74 hp.
The kobold attacks as you move away! The kobold barely misses you.
Okay, then.
Unknown command.
Unknown command.
Unknown command.
Unknown command.
Activating: Sanctuary (93% risk of failure)
Press: ? - help, Dir - look around, f - activate You fail to use your ability.
The kobold hits you with a +0 whip.
* * * LOW HITPOINT WARNING * * *
You take 4 damage, and have 3/74 hp.
Activating: Sanctuary (93% risk of failure)
Press: ? - help, Dir - look around, f - activate You fail to use your ability.
The ufetubus hits you but does no damage.
The ufetubus barely misses you. The kobold hits you but does no damage.
The ufetubus barely misses you.
The ufetubus hits you but does no damage.
Okay, then.
Okay, then.
Unknown command.
Okay, then.
As you read the scroll labelled DUTOWKI EMNE, it crumbles to dust.
The creatures around you are filled with an inner flame!
It was a scroll of immolation.
The kobold barely misses you. The ufetubus barely misses you.
The ufetubus hits you but does no damage.
The ufetubus attacks as you move away!
The ufetubus hits you but does no damage.
The ufetubus completely misses you. The ufetubus closely misses you.
The ufetubus barely misses you.
You barely miss the ufetubus.
Flame seeps out of the ufetubus.
You tail-slap the ufetubus.
The ufetubus is severely wounded.
The ufetubus is engulfed in blazing flames.
The ufetubus explodes!
The fiery explosion engulfs you! You resist.
You die...

#.....#..#...............÷..###..
##....#...............#.##...##..
####................#######......
##..................## ##.......
..#...............#..# ##........
..#....#.............###.........
.......#..##....§K§.......#......
#..............#§○#......##......
#......#......##@#K......##.....#
#......####......#K#...........##
.......######...##l.............#
#......#.......##..............##
###..........#..###K.............
.#..............h..K......#####..
..............#l............# ##.
.............#..............# #.
.............##.............####.


You could see a kobold.

Vanquished Creatures
  Prince Ribbit (D:5)
  Grinder (D:4)
  A steam dragon (D:6)
  A water moccasin (D:5)
  Duvessa (D:5)
  2 black bears (D:5)
  A centaur (D:5)
  An ogre (D:6)
  3 scorpions
  Dowan (D:5)
  A howler monkey (D:4)
  3 jellies
  2 hounds
  An orc priest (D:5)
  3 iguanas
  3 orc wizards
  Robin (D:3)
  4 gnolls
  3 adders
  A shadow imp (D:5)
  A white imp (D:6)
  4 ufetubi
  A worm (D:4)
  3 dart slugs
  10 orcs
  3 ball pythons
  6 endoplasms
  A giant cockroach (D:1)
  16 goblins
  9 hobgoblins
  7 jackals (D:3)
  6 kobolds
  2 quokkas
  5 bats
  2 frilled lizards
  5 rats
116 creatures vanquished.

Notes
Turn   | Place    | Note
-------+----------+-------------------------------------------
     0 | D:1      | SkeletonJelly the Draconian Monk began the quest for the
                  | Orb.
     0 | D:1      | Reached XP level 1. HP: 19/19 MP: 1/1
   247 | D:1      | Reached XP level 2. HP: 25/26 MP: 2/2
  1160 | D:1      | Reached XP level 3. HP: 33/33 MP: 3/3
  1282 | D:2      | Reached skill level 4 in Long Blades
  1421 | D:2      | Reached XP level 4. HP: 40/40 MP: 4/4
  1497 | D:2      | Found a faded altar of an unknown god.
  1511 | D:2      | Prayed at the altar of an unknown god.
  1511 | D:2      | Became a worshipper of Zin the Law-Giver
  1511 | D:2      | Reached * piety under Zin
  1511 | D:2      | Reached ** piety under Zin
  1511 | D:2      | Reached *** piety under Zin
  2338 | D:3      | Reached skill level 5 in Long Blades
  2338 | D:3      | Reached XP level 5. HP: 26/47 MP: 5/5
  2519 | D:3      | Found an ornate altar of the Wu Jian Council.
  2764 | D:3      | Reached **** piety under Zin
  3228 | D:3      | Noticed Robin
  3242 | D:3      | Killed Robin
  3730 | D:4      | Reached skill level 5 in Fighting
  3730 | D:4      | Reached skill level 6 in Long Blades
  3730 | D:4      | Reached XP level 6. HP: 47/56 MP: 6/6
  3961 | D:4      | Found a burning altar of Makhleb.
  4065 | D:4      | Noticed Grinder
  4076 | D:4      | Killed Grinder
  4077 | D:4      | Your scales start taking on a fiery red colour.
  4077 | D:4      | Reached XP level 7. HP: 49/62 MP: 7/7
  4077 | D:4      | Gained mutation: Your flesh is heat resistant. (rF+) [Red
                  | Draconian growth]
  4494 | D:5      | Entered Level 5 of the Dungeon
  4539 | D:5      | Reached skill level 7 in Long Blades
  4557 | D:5      | Found a glowing golden altar of the Shining One.
  4590 | D:5      | Found a burning altar of Makhleb.
  4591 | D:5      | Noticed Prince Ribbit
  4643 | D:5      | Killed Prince Ribbit
  4927 | D:5      | Reached skill level 8 in Long Blades
  4941 | D:5      | Reached XP level 8. HP: 67/71 MP: 8/8
  5315 | D:5      | Found a broken altar of Ashenzari.
  5641 | D:5      | Found a radiant altar of Vehumet.
  5645 | D:5      | Found a blossoming altar of Fedhas.
  5895 | D:5      | Reached ***** piety under Zin
  5929 | D:5      | Reached skill level 9 in Long Blades
  6007 | D:5      | Noticed Duvessa
  6007 | D:5      | Noticed Dowan
  6015 | D:5      | Killed Duvessa
  6025 | D:5      | Killed Dowan
  6893 | D:6      | Found a sparkling altar of Nemelex Xobeh.
  6894 | D:6      | Found an opulent altar of Gozag.
  7040 | D:6      | HP: 3/74 [kobold/+0 whip (4)]
  7044 | D:6      | Killed by an exploding ufetubus... ignited by their inner
                  | flame

Illustrated notes

Levels and vault maps discovered:
D:1:      scummos_arrival_forest, layout_basic
D:2:      layout_loops_ring, basic_ecumenical_altar,
          hangedman_decor_diamond_cutter
D:3:      kennysheep_goblin_castle, layout_basic, old_standard_altar
D:4:      layout_loops_ring, mainiacjoe_overflow_catwalk, st_stairs_3,
          uniq_grinder
D:5:      layout_basic, general_overflow_altar, minitemple,
          hangedman_feature_mirror, uniq_prince_ribbit1, uniq_duvessa
D:6:      layout_cave_pools, grunt_temple_overflow_opulence

Skill      XL: |  1  2  3  4  5  6  7  8 |
---------------+-------------------------+-----
Long Blades    | 4 5 6 8 9 |  9.9
Fighting       | 4 5 6 8 |  8.0
Dodging        | |  2.6
Stealth        | |  1.7

Action                   |  1- 3 |  4- 6 |  7- 9 || total
-------------------------+-------+-------+-------++-------
Melee: Falchion          |    68 |   197 |   137 ||   402
       Tailslap          |     3 |    18 |    20 ||    41
       Punch             |       |     1 |     1 ||     2
Throw: Dart              |     2 |     9 |    19 ||    30
Invok: Recite            |       |     7 |     4 ||    11
 Abil: Breathe Fire      |       |       |    10 ||    10
Evoke: Wand              |       |       |     3 ||     3
  Use: Scroll            |       |       |     1 ||     1
 Stab: Sleeping          |     3 |     3 |       ||     6
       Invisible         |     1 |       |       ||     1
       Confused          |       |     3 |       ||     3
       Paralysed         |       |       |     8 ||     8
Armor: Skin              |    21 |    99 |    88 ||   208
Dodge: Dodged            |    61 |   152 |   125 ||   338

Table legend: (Time is in decaauts)
 A = Elapsed time spent in this place.
 B = Non-inter-level travel time spent in this place.
 C = Inter-level travel time spent in this place.
 D = Time resting spent in this place.
 E = Time spent auto-exploring this place.
 F = Levels seen in this place.
 G = Mean time per level.
                   A        B        C        D        E       F      G
               +--------+--------+--------+--------+--------+-----+--------+
         Total |   7046 |   6761 |    285 |      0 |   5688 |   6 | 1174.3 |
       Dungeon |   7046 |   6761 |    285 |      0 |   5688 |   6 | 1174.3 |
               +--------+--------+--------+--------+--------+-----+--------+

Top non-repeatable levels by time:
     D:5: 1856 daAuts
     D:3: 1555 daAuts
     D:1: 1282 daAuts
     D:4: 863 daAuts
     D:2: 809 daAuts
     D:6: 679 daAuts
